 Dungeon Crawl Stone Soup version 0.27.1-4-g1640c2035a (webtiles) character file.

Game seed: 4010355085872442553

3284 pkoi the Blocker (level 9, -1/70 HPs)
             Began as a Minotaur Fighter on Nov 12, 2021.
             Was a Believer of Ru.
             Slain by a warg (3 damage)
             ... on level 8 of the Dungeon.
             The game lasted 00:10:47 (8950 turns).

pkoi the Blocker (Minotaur Fighter)                 Turns: 8950, Time: 00:10:48

Health: -1/70      AC: 12    Str: 24    XL:     9   Next: 69%
Magic:  8/8        EV:  6    Int: 11    God:    Ru [**....]
Gold:   390        SH: 13    Dex: 10    Spells: 8/8 levels left

rFire    . . .     SeeInvis +   a - +1 long sword
rCold    . . .     Faith    .   c - +1 kite shield
rNeg     . . .     Spirit   .   t - +0 plate armour
rPois    .         Reflect  .   (helmet restricted)
rElec    .         Harm     .   (no cloak)
rCorr    .         Rampage  .   g - +0 pair of gloves
Will     .....                  (no boots)
Stlth    ..........             (no amulet)
HPRegen  0.21/turn              j - +6 ring of intelligence
MPRegen  0.11/turn              m - ring of see invisible

@: no status effects
A: horns 2, inability to use devices, retaliatory headbutt
a: Renounce Religion


You were on level 8 of the Dungeon.
You worshipped Ru.
Ru was pleased with you.
You visited 2 branches of the dungeon, and saw 9 of its levels.

You collected 390 gold pieces.

Inventory:

Hand Weapons
 a - a +1 long sword (weapon)
 o - a +0 dagger of venom
 p - a +0 long sword
 s - a +2 antimagic dagger
Missiles
 f - 9 poisoned darts (quivered)
 n - 20 boomerangs
Armour
 c - a +1 kite shield (worn)
 g - a +0 pair of gloves (worn)
 t - a +0 plate armour (worn)
Jewellery
 b - an amulet of faith
 j - a +6 ring of intelligence (left hand)
 m - a ring of see invisible (right hand)
Scrolls
 h - 2 scrolls of teleportation
 k - 2 scrolls of enchant armour
 r - a scroll of enchant weapon
 v - a scroll of fog
Potions
 d - 6 potions of might
 e - a potion of lignification
 l - 4 potions of curing
 w - 2 potions of haste


   Skills:
 - Level 3.6 Fighting
 + Level 10.8 Long Blades
 + Level 5.2 Throwing
 - Level 3.6 Armour
 + Level 11.1 Shields


You had 8 spell levels left.
You didn't know any spells.
Your spell library contained the following spells:

 Spells                   Type           Power      Damage    Failure   Level
 Animate Skeleton         Necr           0%         N/A       100%        1
 Apportation              Tloc           0%         N/A       100%        1
 Corona                   Hex            0%         N/A       100%        1
 Summon Small Mammal      Summ           0%         N/A       100%        1
 Gell's Gravitas          Tloc           0%         N/A       100%        3
 Lesser Beckoning         Tloc           0%         N/A       100%        3
 Stone Arrow              Conj/Erth      0%         3d7       100%        3
 Teleport Other           Tloc           0%         N/A       100%        3
 Bolt of Magma            Conj/Fire/Erth 0%         4d4       100%        5
 Shatter                  Erth           0%         3d5*      100%        9


Dungeon Overview and Level Annotations

Branches:
Dungeon (8/15)             Temple (1/1) D:6
   Lair: D:8-11

Altars:
Elyvilon
Gozag
Hepliaklqana
Kikubaaqudgha
Makhleb
Nemelex Xobeh
Okawaru
Qazlal
Ru
Sif Muna
Trog
Uskayaw
Vehumet
Xom
Zin

Shops:
D:7 (

Annotations:
D:2 Sigmund
D:6 1 runed translucent door, GlazedDonut's ghost, novice TeSu


Innate Abilities, Weirdness & Mutations

You have a pair of horns on your head.
You cannot study or use magical devices.
You reflexively headbutt those who attack you in melee.


Message History

The steam dragon is almost dead.
The steam dragon breathes steam at you. The ball of steam hits you!
* * * LOW HITPOINT WARNING * * *
You hear a howl!
You hear a shout! x2
You hit the steam dragon but do no damage.
The steam dragon is almost dead.
You are engulfed in a cloud of scalding steam.
You hear a croak.
You block the steam dragon's attack. The steam dragon barely misses you.
Unknown command.
You closely miss the steam dragon.
The steam dragon is almost dead.
You are engulfed in a cloud of scalding steam.
* * * LOW HITPOINT WARNING * * *
The steam dragon bites you but does no damage.
You block the steam dragon's attack.
You slash the steam dragon!
You kill the steam dragon!
You are engulfed in a cloud of scalding steam.
Unknown command.
A gnoll shaman comes into view. It is wielding a +2 whip of freezing.
The gnoll shaman shouts!
A warg comes into view.
There are monsters nearby!
You feel much better. The warg bites you.
* * * LOW HITPOINT WARNING * * *
You barely miss the warg. The warg bites you!
* * * LOW HITPOINT WARNING * * *
The warg barely misses you.
You riposte.
You hit the warg but do no damage. You headbutt the warg!
The warg is moderately wounded.
You hit the warg. Your headbutt misses the warg.
The warg is moderately wounded.
You block the gnoll shaman's attack. The warg bites you!
* * * LOW HITPOINT WARNING * * *
You closely miss the warg.
The warg is moderately wounded.
The warg bites you.
You die...

#.............
.............
######.$........
###+#<...+....D...$.
#.......##..........
#........#g#########
#........#†#
#......###.#
#......h@g.#
#......#####
#......# #......#
.........
......##### ......
......


You could see a warg and a gnoll shaman.

Vanquished Creatures
  4 yaks
  2 steam dragons
  A vampire mosquito (D:8)
  2 water moccasins
  Duvessa (D:6)
  An ice beast (D:7)
  A hornet zombie (D:7)
  2 ogres
  A centaur (D:6)
  2 phantoms
  5 bullfrogs
  A gnoll sergeant (D:5)
  Dowan (D:6)
  2 scorpions
  An electric eel (D:7)
  A centaur zombie (D:7)
  6 hounds
  A centaur skeleton (D:6)
  3 orc priests
  A jelly (D:6)
  7 iguanas
  6 orc wizards
  Natasha (thrice) (D:3)
  5 gnolls (D:5)
  An adder (D:6)
  A worm (D:4)
  A dart slug (D:2)
  27 orcs
  5 endoplasms
  A giant cockroach (D:2)
  5 goblins
  10 hobgoblins
  8 jackals
  10 kobolds
  A quokka (D:1)
  3 ball pythons
  6 bats
  2 frilled lizards
  2 rats
143 creatures vanquished.

Vanquished Creatures (others)
  4 fungi (D:5)
  A plant (D:8)
  5 toadstools (D:5)
10 creatures vanquished.

Grand Total: 153 creatures vanquished

Notes
Turn   | Place    | Note
-------+----------+-------------------------------------------
     0 | D:1      | pkoi the Minotaur Fighter began the quest for the Orb.
     0 | D:1      | Reached XP level 1. HP: 19/19 MP: 0/0
   147 | D:1      | Reached skill level 4 in Shields
   148 | D:1      | Reached XP level 2. HP: 24/26 MP: 1/1
   713 | D:2      | Reached XP level 3. HP: 31/31 MP: 2/2
   809 | D:2      | Noticed Sigmund
  1563 | D:3      | Noticed a scorpion
  1569 | D:3      | Killed a scorpion
  1570 | D:3      | Reached skill level 5 in Shields
  1570 | D:3      | Reached XP level 4. HP: 28/39 MP: 3/3
  2019 | D:3      | Noticed Natasha
  2038 | D:3      | Killed Natasha
  2039 | D:3      | Reached XP level 5. HP: 25/45 MP: 4/4
  2128 | D:3      | Noticed Natasha
  2135 | D:3      | Killed Natasha
  2136 | D:3      | Reached skill level 5 in Long Blades
  2733 | D:3      | Noticed Natasha
  2741 | D:3      | Killed Natasha
  2742 | D:3      | Reached skill level 6 in Shields
  2932 | D:4      | Reached XP level 6. HP: 51/51 MP: 5/5
  3187 | D:4      | Found a sacrificial altar of Ru.
  3277 | D:4      | Became a worshipper of Ru the Awakened
  3464 | D:5      | Entered Level 5 of the Dungeon
  4056 | D:5      | Reached skill level 7 in Shields
  4298 | D:5      | Reached XP level 7. HP: 47/56 MP: 6/6
  4665 | D:5      | Reached skill level 8 in Shields
  5502 | D:6      | Noticed Duvessa
  5502 | D:6      | Noticed Dowan
  5530 | D:5      | Gained mutation: You cannot study or use magical devices.
                  | [Ru sacrifice]
  5530 | D:5      | Reached * piety under Ru
  5530 | D:5      | Reached ** piety under Ru
  5634 | D:6      | Reached XP level 8. HP: 56/64 MP: 7/7
  5747 | D:6      | Killed Duvessa
  5753 | D:6      | HP: 1/96 [Dowan/stone arrow (4)]
  5756 | D:6      | Killed Dowan
  5757 | D:6      | Reached skill level 9 in Shields
  6308 | D:6      | Reached skill level 1 in Throwing
  6681 | D:6      | Found a runed translucent door.
  6684 | D:6      | Noticed GlazedDonut's ghost (novice TeSu)
  6849 | D:6      | Found a staircase to the Ecumenical Temple.
  6991 | Temple   | Entered the Ecumenical Temple
  7515 | D:7      | Found Voibang's Weapon Shop.
  7554 | D:6      | Reached skill level 10 in Shields
  7794 | D:7      | Reached XP level 9. HP: 66/70 MP: 8/8
  7871 | D:7      | Reached skill level 10 in Long Blades
  8899 | D:8      | Reached skill level 11 in Shields
  8902 | D:8      | Reached skill level 5 in Throwing
  8943 | D:8      | HP: 2/70 [steam dragon] (9)]
  8949 | D:8      | HP: 1/70 [warg (7)]
  8950 | D:8      | Slain by a warg

Illustrated notes

Levels and vault maps discovered:
D:1:      beargit_arrival_greenhouse, layout_basic
D:2:      minmay_evil_eye, layout_basic, uniq_sigmund
D:3:      layout_basic, chequers_serial_rivers_micro_e, uniq_natasha
D:4:      layout_rooms, hangedman_ru_absence
D:5:      layout_cave_pods, minmay_gold_behind_fungi
D:6:      layout_basic, temple_green, ebering_ghost_sewer_d,
          hangedman_abyss_or_decor_passed, hangedman_decor_clover_reticule,
          kennysheep_generic_room_16, uniq_duvessa
D:7:      layout_rooms, serial_shops, nicolae_shop_behind_doors,
          nicolae_water_bricks, supply_closet_lemuel, st_stairs_5
D:8:      hangedman_cross_stitches, layout_basic, erik_lair_orcish_takeover,
          minmay_misc_feat_diagonals, uniq_joseph, uniq_psyche
Temple:   zaba_magenta_temple

Skill      XL: |  1  2  3  4  5  6  7  8  9 |
---------------+----------------------------+-----
Shields        | 4 5 6 7 8 10 11 | 11.1
Long Blades    | 3 4 5 6 8 9 10 | 10.8
Throwing       | 3 5 |  5.2
Fighting       | |  3.6
Armour         | |  3.6

Action                   |  1- 3 |  4- 6 |  7- 9 || total
-------------------------+-------+-------+-------++-------
Melee: Long sword        |    91 |   140 |   301 ||   532
       Headbutt          |    17 |    24 |    60 ||   101
       Dagger            |       |       |     5 ||     5
Throw: Dart              |       |       |    22 ||    22
Invok: Sacrifice Artific |       |       |     1 ||     1
  Use: Scroll            |     4 |     7 |     4 ||    15
       Potion            |       |       |     7 ||     7
 Stab: Distracted        |       |       |     1 ||     1
Armor: Scale mail        |    39 |    31 |       ||    70
       Plate armour      |       |    32 |   108 ||   140
       Skin              |       |       |     7 ||     7
Dodge: Dodged            |    28 |    61 |    34 ||   123
Block: Kite shield       |    57 |    97 |   181 ||   335
       Rpst.: Long sword |     8 |    15 |    13 ||    36
